 Dungeon Crawl Stone Soup version 0.24-a0-201-gf205589 (webtiles) character file.

Game seed: 7637723722649306245

55 nikopol the Magician (level 3, -1/19 HPs)
             Began as a Deep Elf Fire Elementalist on Mar 22, 2019.
             Slain by a gnoll
             ... wielding a +0 flail of protection
              (7 damage)
             ... on level 2 of the Dungeon.
             The game lasted 00:02:46 (1175 turns).

nikopol the Magician (Deep Elf Fire Elementalist)   Turns: 1175, Time: 00:02:46

Health: -1/19      AC:  2    Str:  5    XL:     3   Next: 67%
Magic:  6/10       EV:  7    Int: 20    God:
Gold:   29         SH:  0    Dex: 15    Spells: 7/10 levels left

rFire    . . .     SeeInvis .   f - +0 short sword (speed)
rCold    . . .     Gourm    .   (no shield)
rNeg     . . .     Faith    .   a - +0 robe
rPois    .         Spirit   .   (no helmet)
rElec    .         Reflect  .   (no cloak)
rCorr    .         Harm     .   (no gloves)
MR       .....                  (no boots)
Stlth    +.........             k - amulet of magic regeneration
HPRegen  0.06/turn              b - ring of attention (curse)
MPRegen  0.37/turn              (no ring)

@: held
A: no striking features
a: no special abilities


You were on level 2 of the Dungeon.
You were not hungry.

You visited 1 branch of the dungeon, and saw 2 of its levels.

You collected 29 gold pieces.

Inventory:

Hand Weapons
 e - a +0 dagger
 f - a +0 short sword of speed (weapon)
Armour
 a - a +0 robe (worn)
 m - a +0 pair of gloves
Jewellery
 b - a cursed ring of attention (left hand)
 k - an amulet of magic regeneration (around neck)
Scrolls
 d - a scroll of magic mapping
 g - a scroll of teleportation {unknown}
Potions
 i - a potion of cancellation {unknown}
 j - a potion of heal wounds {unknown}
 l - a potion of curing {unknown}
Comestibles
 c - 3 rations
 h - 2 chunks of flesh


   Skills:
 + Level 2.4 Dodging
 + Level 2.8 Stealth
 + Level 4.2 Spellcasting
 + Level 1.2 Conjurations
 + Level 4.2 Fire Magic


You had 7 spell levels left.
You knew the following spells:

 Your Spells              Type           Power        Failure   Level  Hunger
a - Flame Tongue          Conj/Fire      ###..        4%          1    None
b - Throw Flame           Conj/Fire      ###...       6%          2    #......

Your spell library contained the following spells:

 Spells                   Type           Power        Failure   Level  Hunger
 Conjure Flame            Conj/Fire      ###.....     12%         3    ###....
 Inner Flame              Hex/Fire       ##......     16%         3    ###....
 Sticky Flame             Conj/Fire      ###.....     38%         4    ####...
 Fireball                 Conj/Fire      ###.......   75%         5    ######.


Dungeon Overview and Level Annotations

Branches:
Dungeon (2/15)

Altars:


Message History

Press: ? - help, Shift-Dir - straight line, f - gnoll
Aim: a gnoll, wielding a +0 flail of protection The flame tongue hits the gnoll.
The gnoll is lightly wounded.
The gnoll throws a throwing net.
The throwing net hits you.
You become entangled in the net!
Casting: Flame Tongue (safe; 4% risk of failure)
Confirm with . or Enter, or press ? or * to list all spells.
Aiming: Flame Tongue (safe; 4% risk of failure)
Press: ? - help, Shift-Dir - straight line, f/p - gnoll
Aim: a gnoll, wielding a +0 flail of protection (lightly wounded)
The flame tongue hits the gnoll.
The gnoll is moderately wounded.
Your magical contamination has completely faded away.
You can't do that while held in a net.
You struggle against the net.
You struggle against the net.
The gnoll hits you from afar with a +0 spear.
The gnoll hits you with a +0 flail of protection!
You die...

#............##
.............. .
)....$......###...
............)...#
............#
.#.........##
.........)g#
........g..#
........@..#
...........#
..............
.#........#†...#
##......##....#
######## ....#
..## .#


You could see 2 gnolls.

Vanquished Creatures
  2 gnolls (D:2)
  A dart slug (D:1)
  A leopard gecko (D:1)
  7 goblins (D:1)
  5 hobgoblins (D:1)
  4 kobolds (D:1)
  7 bats
  A frilled lizard (D:1)
  4 rats (D:1)
32 creatures vanquished.

Notes
Turn   | Place    | Note
-------+----------+-------------------------------------------
     0 | D:1      | nikopol the Deep Elf Fire Elementalist began the quest for
                  | the Orb.
     0 | D:1      | Reached XP level 1. HP: 10/10 MP: 6/6
   199 | D:1      | Reached XP level 2. HP: 15/15 MP: 5/8
   815 | D:1      | Learned a level 2 spell: Throw Flame
  1018 | D:1      | Reached XP level 3. HP: 19/19 MP: 7/10
  1175 | D:2      | Slain by a gnoll

Levels and vault maps discovered:
D:1:      dpeg_arrival_shrine, layout_basic
D:2:      layout_rooms, kennysheep_slug_shrine, uniq_crazy_yiuf_cottage

Skill      XL: |  1  2  3 |
---------------+----------+-----
Fire Magic     | 4 |  4.2
Spellcasting   | 4 |  4.2
Dodging        | |  2.4
Stealth        | |  2.8
Conjurations   | |  1.2

Action                   || total
-------------------------++-------
 Cast: Flame Tongue      ||    59
  Use: Scroll            ||     3
  Eat: Chunk             ||     1
Armor: Robe              ||     1
Dodge: Dodged            ||    15

Table legend:
 A = Non-vault XP
 B = Vault XP
 C = Vault XP percentage of total XP
 D = Non-vault monster count
 E = Vault monster count
 F = Vault count percentage of total count
                 A         B        C        D         E       F
            +---------+---------+-------+---------+---------+-------
      Total |      79 |       0 |   0.0 |      32 |       0 |   0.0
            +---------+---------+-------+---------+---------+-------
        D:1 |      47 |       0 |   0.0 |      28 |       0 |   0.0
        D:2 |      32 |       0 |   0.0 |       4 |       0 |   0.0
            +---------+---------+-------+---------+---------+-------
